 Dungeon Crawl Stone Soup version 0.16.1-18-g436b03c (webtiles) character file.

58 masdan the Skirmisher (level 3, 0/34 HPs)
             Began as a Minotaur Chaos Knight on Apr 27, 2015.
             Slain by a worm (6 damage)
             ... on level 2 of the Dungeon.
             The game lasted 00:09:05 (1500 turns).

masdan the Skirmisher (Minotaur Chaos Knight)       Turns: 1500, Time: 00:09:05

Health: 0/34       AC:  5    Str: 15    XL:     3   Next: 76%
Magic:  2/2        EV: 11    Int:  9    God:    Xom [......]
Gold:   107        SH:  0    Dex:  7    Spells: 0 memorised, 2 levels left

rFire  . . .     SeeInvis .     j - +0 mace
rCold  . . .     Rnd*Rage +     b - +2 leather armour
rNeg   . . .     SustAb   .     (no shield)
rPois  .         Gourm    .     d - +0 hat
rElec  .         Spirit   .     (no cloak)
rCorr  .         Warding  .     (no gloves)
rMut   .         Stasis   .     (no boots)
MR     .....                    (no amulet)
Stlth  +.........               (no ring)
                                (no ring)

@: not resistant to hostile enchantments, very unstealthy
A: retaliatory headbutt, horns 2, berserk 1, blink 1, breathe flames 1, clumsy
1, weak 1
a: Blink, Renounce Religion, Breathe Fire


You were on level 2 of the Dungeon.
You worshipped Xom.
You were a very special plaything of Xom.
You were hungry.

You visited 1 branch of the dungeon, and saw 2 of its levels.

You collected 107 gold pieces.

Inventory:

Hand weapons
 a - a +0 hand axe of chaos
 j - a +0 mace (weapon)
Armour
 b - a +2 leather armour (worn)
 d - a +0 hat (worn)
 i - a +0 leather armour
 l - a cursed +0 leather armour
Scrolls
 f - a scroll of recharging {unknown}
 g - a scroll of remove curse {unknown}
 h - a scroll of teleportation {unknown}
 m - a scroll of random uselessness {unknown}
 n - a scroll of identify {unknown}
 q - a scroll of fog {unknown}
Potions
 e - a potion of degeneration {unknown}
 k - a potion of invisibility {unknown}
 o - a potion of might {unknown}
 p - a potion of brilliance {unknown}
 r - a potion of haste {unknown}
Comestibles
 c - a bread ration


   Skills:
 - Level 4.3 Fighting
 - Level 4.1(4.3) Axes
 * Level 2.1(3.3) Maces & Flails
 + Level 3.1 Armour
 - Level 1.1 Dodging


You had 2 spell levels left.
You didn't know any spells.

Dungeon Overview and Level Annotations

Branches:
Dungeon (2/15)

Altars:


Innate Abilities, Weirdness & Mutations

You reflexively headbutt those who attack you in melee.
You have a pair of horns on your head.
You tend to lose your temper in combat.
You can translocate small distances at will.
You can breathe flames.
You are clumsy. (Dex -2)
You are weak. (Str -2)


Message History

The gnoll is severely wounded.
The gnoll hits you with a spear.
* * * LOW HITPOINT WARNING * * *
You closely miss the gnoll. Your headbutt misses the gnoll.
The gnoll is severely wounded.
The gnoll barely misses you. The gnoll hits you but does no damage.
You hit the gnoll but do no damage. You headbutt the gnoll.
You kill the gnoll!
Your base Maces & Flails skill increases to level 2!
Your Armour skill increases to level 3!
A worm is nearby! "Try this."
Multicoloured lights dance before your eyes!
A worm is nearby!
You start resting.
A worm is nearby!
You start resting.
You have got your breath back.
You hit the worm but do no damage. The worm bites you.
You die...

#.#
#....########
##.##########.#
#.)w....# #.#
#.#####.# #.#
#.# #.#
#.######### #.#
#.# #..........
#g# #.#
###########
#.#####w#
#.....@.#
####.#### #.#
#.# #.# ... ...
... ####### #.#
#.....#


You could see a worm.

Vanquished Creatures
  3 gnolls (D:2)
  An ooze (D:1)
  A giant cockroach (D:2)
  A goblin (D:1)
  2 hobgoblins (D:1)
  4 jackals (D:1)
  5 bats (D:1)
  3 giant newts
  5 kobolds
  3 rats
28 creatures vanquished.

Notes
Turn   | Place    | Note
--------------------------------------------------------------
     0 | D:1      | masdan, the Minotaur Chaos Knight, began the quest for the Orb.
     0 | D:1      | Reached XP level 1. HP: 19/19 MP: 1/1
    22 | D:1      | XOM: harmless Divn miscast
   110 | D:1      | Reached XP level 2. HP: 27/27 MP: 1/1
   157 | D:1      | XOM: mild Divn miscast
   163 | D:1      | Reached skill level 4 in Axes
   521 | D:1      | XOM: give mutations
   521 | D:1      | Gained mutation: You can translocate small distances at will. [Xom's mischief]
   521 | D:1      | Gained mutation: You are weak. (Str -2) [Xom's mischief]
   521 | D:1      | Gained mutation: You can breathe flames. [Xom's mischief]
   521 | D:1      | Gained mutation: You tend to lose your temper in combat. [Xom's mischief]
   726 | D:1      | XOM: medium Ice miscast
   743 | D:1      | XOM: give mutations
   743 | D:1      | Gained mutation: You can spit poison. [Xom's mischief]
   743 | D:1      | Gained mutation: You are clumsy. (Dex -2) [Xom's mischief]
  1008 | D:1      | XOM: give mutation
  1008 | D:1      | Lost mutation: You can spit poison. [Xom's mischief]
  1047 | D:2      | HP: 1/27 [worm (9)]
  1088 | D:2      | XOM: harmless Tloc miscast
  1387 | D:2      | Reached skill level 1 in Maces & Flails
  1387 | D:2      | Reached XP level 3. HP: 29/34 MP: 2/2
  1452 | D:2      | XOM: mild Ice miscast
  1483 | D:2      | XOM: harmless Chrm miscast
  1500 | D:2      | Slain by a worm

Action                   || total
-------------------------++-------
Melee: Hand axe          ||    19
       Mace              ||    32
 Abil: Breathe Fire      ||     4
 Stab: Petrifying        ||     1
  Eat: Pizza             ||     1
       Chunk             ||     1
